 Dungeon Crawl Stone Soup version 0.23-a0-338-g8ff0b24 (webtiles) character file.

2027 MisterFreud the Cleaver (level 9, -15/74 HPs)
             Began as a Deep Dwarf Fighter on Oct 18, 2018.
             Was a Follower of Makhleb.
             Demolished by an orc warrior
             ... wielding a +0 glaive
              (28 damage)
             ... on level 7 of the Dungeon.
             The game lasted 00:12:38 (5037 turns).

MisterFreud the Cleaver (Deep Dwarf Fighter)        Turns: 5037, Time: 00:12:40

Health: -15/74     AC:  6    Str: 23    XL:     9   Next: 3%
Magic:  7/7        EV:  9    Int:  9    God:    Makhleb [*.....]
Gold:   417        SH:  0    Dex: 12    Spells: 8/8 levels left

rFire    . . .     SeeInvis .   v - +7 battleaxe
rCold    . . .     Gourm    .   (shield currently unavailable)
rNeg     . . .     Faith    .   b - +0 scale mail
rPois    .         Spirit   .   (no helmet)
rElec    .         Reflect  .   (no cloak)
rCorr    +         Harm     .   (no gloves)
MR       +....                  (no boots)
Stlth    +.........             k - amulet of rage
HPRegen  0.00/turn              t - ring of resist corrosion
MPRegen  0.10/turn              y - ring of stealth

@: non-regenerating
A: damage resistance, heal wounds, sense surroundings 2, no regeneration
a: Heal Wounds, Renounce Religion, Evoke Berserk Rage


You were on level 7 of the Dungeon.
You worshipped Makhleb.
Makhleb was aware of your devotion.
You were completely stuffed.

You visited 2 branches of the dungeon, and saw 8 of its levels.

You collected 417 gold pieces.

Inventory:

Hand Weapons
 a - a +0 war axe
 v - a +7 battleaxe (weapon)
Missiles
 l - 349 stones (quivered)
 m - 60 arrows
 n - 90 bolts
 p - 50 sling bullets
 u - a throwing net
 w - 50 poisoned needles
Armour
 b - a +0 scale mail (worn)
 c - a +0 shield
Jewellery
 g - an uncursed amulet of the gourmand
 i - an uncursed amulet of the acrobat
 k - an amulet of rage (around neck)
 t - a ring of resist corrosion (left hand)
 y - a ring of stealth (right hand)
Wands
 x - a wand of paralysis (15)
Scrolls
 j - a scroll of remove curse
Potions
 d - 3 potions of might
 e - a potion of flight {unknown}
 h - a potion of invisibility {unknown}
 o - 2 potions of haste {unknown}
 q - a potion of curing {unknown}
 r - 3 potions of resistance {unknown}
 s - a potion of berserk rage {unknown}
Comestibles
 f - 11 rations


   Skills:
 - Level 2.6 Fighting
 + Level 11.4 Axes
 - Level 3.2 Armour
 - Level 6.9 Shields


You had 8 spell levels left.
You didn't know any spells.
Your spell library contained the following spells:

 Spells                   Type           Power        Failure   Level  Hunger
 Beastly Appendage        Tmut           #.....       69%         1    ##.....
 Corona                   Hex            #......      69%         1    ##.....
 Ensorcelled Hibernation  Hex/Ice        #.....       83%         2    ###....
 Sticks to Snakes         Tmut           #.......     83%         2    ###....
 Confuse                  Hex            #.......     96%         3    ####...
 Dazzling Spray           Conj/Hex       #.....       96%         3    ####...
 Spider Form              Tmut/Pois      #.........   96%         3    ####...
 Tukima's Dance           Hex            #.......     96%         3    ####...
 Ice Form                 Ice/Tmut       #.......     100%        4    #####..
 Blade Hands              Tmut           #.........   100%        5    ######.


Dungeon Overview and Level Annotations

Branches:
Dungeon (7/15)             Temple (1/1) D:4

Altars:
Ashenzari
Dithmenos
Elyvilon
Fedhas
Kikubaaqudgha
Makhleb
Nemelex Xobeh
Okawaru
Qazlal
Ru
Sif Muna
Trog
Uskayaw
Vehumet
Wu Jian
Xom
Yredelemnul
Zin
The Shining One

Annotations:
D:4 2 runed doors, Soeti's ghost, amateur VSMo
D:7 exclusion: statue


Innate Abilities, Weirdness & Mutations

You are resistant to damage.
You can heal yourself by infusing magical energy.
You passively map the area around you.
You do not regenerate.


Message History

You hit the orc warrior but do no damage.
The orc warrior is moderately wounded.
The orc warrior barely misses you.
You closely miss the orc warrior.
The orc warrior is moderately wounded.
The orc warrior hits you with a +0 glaive.
Your scale mail prevents you from hitting the orc warrior.
The orc warrior is moderately wounded.
The orc warrior hits you with a +0 glaive!!
* * * LOW HITPOINT WARNING * * *
You closely miss the orc warrior.
The orc warrior is moderately wounded.
The orc warrior barely misses you.
You closely miss the orc warrior.
The orc warrior is moderately wounded.
The orc priest calls down the wrath of Beogh upon you.
Beogh smites you!
* * * LOW HITPOINT WARNING * * *
The orc warrior hits you with a +0 glaive!!
You die...

#...........####.##.
##.........## #.#..
#..#####.. #...#
##<# #.. #..## #.#
..#* *#..## #.# #..
....## #.# *#..
*,.#.#. #.# , , #@#
* * * #o# * * #o#
#o. * #.. * * #..#
** , #..# ,,, #..# *
*, ,


You could see an orc warrior, an orc priest and an orc wizard.

Vanquished Creatures
  An orc warrior (D:6)
  A sky beast (D:6)
  A black bear (D:7)
  2 ogres (D:4)
  3 phantoms
  A big kobold (D:6)
  3 bullfrogs
  2 scorpions
  4 wights (D:6)
  A vampire bat (D:3)
  2 hounds
  A centaur skeleton (D:7)
  A bullfrog skeleton (D:5)
  An iguana (D:5)
  3 orc wizards
  7 worker ants
  2 hound skeletons
  A hound zombie (D:7)
  Robin (D:2)
  A worker ant zombie (D:5)
  A howler monkey zombie (D:6)
  7 gnolls
  7 adders
  An ooze (D:4)
  An adder skeleton (D:5)
  A worm (D:3)
  A dart slug (D:1)
  4 leopard geckos
  18 orcs
  6 bats
  A bat skeleton (D:3)
  4 bat zombies (D:3)
  5 giant cockroaches
  2 gnoll zombies (D:2)
  20 goblins
  6 hobgoblins
  6 jackals
  24 kobolds
  4 quokkas
  2 ball pythons
  A ball python skeleton (D:4)
  6 frilled lizards
  A leopard gecko zombie (D:5)
  A quokka skeleton (D:7)
  10 rats
  4 plants (D:6)
183 creatures vanquished.

Vanquished Creatures (others)
  A plant (D:6)
1 creature vanquished.

Grand Total: 184 creatures vanquished

Notes
Turn   | Place    | Note
-------+----------+-------------------------------------------
     0 | D:1      | MisterFreud the Deep Dwarf Fighter began the quest for the
                  | Orb.
     0 | D:1      | Reached XP level 1. HP: 20/20 MP: 1/1
   162 | D:1      | Reached skill level 3 in Axes
   162 | D:1      | Reached XP level 2. HP: 17/27 MP: 2/2
   666 | D:2      | Found an ornate altar of the Wu Jian Council.
   726 | D:2      | Noticed Robin
   729 | D:2      | Reached XP level 3. HP: 19/33 MP: 3/3
   732 | D:2      | Reached skill level 4 in Axes
   746 | D:2      | Killed Robin
   897 | D:2      | Reached XP level 4. HP: 10/40 MP: 4/4
  1082 | D:2      | Found a basalt altar of Yredelemnul.
  1246 | D:3      | Reached skill level 5 in Axes
  1279 | D:3      | Found an iron altar of Okawaru.
  1503 | D:3      | Reached XP level 5. HP: 34/46 MP: 5/5
  1650 | D:3      | Reached skill level 6 in Axes
  1652 | D:3      | Found an ancient bone altar of Kikubaaqudgha.
  1774 | D:3      | Found a shadowy altar of Dithmenos.
  1982 | D:4      | Noticed an ogre
  1994 | D:4      | Killed an ogre
  1994 | D:4      | Reached skill level 7 in Axes
  1994 | D:4      | Reached XP level 6. HP: 39/55 MP: 6/6
  2150 | D:5      | Entered Level 5 of the Dungeon
  2310 | D:5      | Reached skill level 8 in Axes
  2362 | D:5      | Found a stormy altar of Qazlal.
  2533 | D:5      | Reached XP level 7. HP: 28/61 MP: 6/6
  3144 | D:4      | Found a staircase to the Ecumenical Temple.
  3163 | D:4      | Reached skill level 5 in Shields
  3167 | D:4      | Reached skill level 9 in Axes
  3187 | Temple   | Entered the Ecumenical Temple
  3372 | Temple   | Became a worshipper of Makhleb the Destroyer
  3449 | D:4      | Reached XP level 8. HP: 43/68 MP: 7/7
  3495 | D:4      | Found a large runed door.
  3495 | D:4      | Found a large runed door.
  3498 | D:4      | Noticed Soeti's ghost (amateur VSMo)
  3774 | D:6      | Found a bloodstained altar of Trog.
  3776 | D:6      | Found a white marble altar of Elyvilon.
  3825 | D:6      | Reached skill level 10 in Axes
  3837 | D:6      | Reached * piety under Makhleb
  4384 | D:6      | Found a blossoming altar of Fedhas.
  4748 | D:7      | Found an ancient bone altar of Kikubaaqudgha.
  4768 | D:7      | Reached skill level 11 in Axes
  4783 | D:7      | Found a sacrificial altar of Ru.
  4837 | D:7      | Found a radiant altar of Vehumet.
  4898 | D:7      | Gained mutation: You passively map the area around you.
                  | [Deep Dwarf growth]
  4898 | D:7      | Reached XP level 9. HP: 39/74 MP: 7/7
  5037 | D:7      | Demolished by an orc warrior

Vault maps used:
D:1:      minmay_arrival_plants_in_alcoves
D:2:      lemuel_zombie_altar_yredelemnul, old_standard_altar, uniq_robin
D:3:      kennysheep_vampire_church, lemuel_crystal_altar, first_ration,
          okawaru_trees_2
D:4:      minmay_temple_entry_mist, ebering_ghost_disaster_area
D:5:      grunt_qazlal_sundering, gup_sewer_entry_spiral, zaba_anthole
D:6:      kennysheep_kobold_camp, chequers_temple_overflow_statue_of_worship,
          fedhas_altar_4
D:7:      kennysheep_mini, vehumet_statue, basic_altar, grunt_livestock,
          minivault_10
Temple:   dpeg_chambers_temple

Skill      XL: |  1  2  3  4  5  6  7  8 |
---------------+-------------------------+-----
Axes           | 3 4 5 7 8 9 11 | 11.4
Shields        | 5 6 |  6.9
Fighting       | |  2.6
Armour         | |  3.2

Action                   |  1- 3 |  4- 6 |  7- 9 || total
-------------------------+-------+-------+-------++-------
Melee: War axe           |    97 |   206 |   266 ||   569
       Battleaxe         |       |       |    30 ||    30
Throw: Stone             |       |       |     4 ||     4
 Abil: Heal Wounds       |       |     4 |     8 ||    12
  Use: Scroll            |       |       |     4 ||     4
  Eat: Chunk             |    13 |     4 |    10 ||    27
Armor: Scale mail        |    59 |    88 |    69 ||   216
Dodge: Dodged            |    45 |    56 |    60 ||   161
Block: Shield            |    66 |   115 |   130 ||   311

Table legend:
 A = Non-vault XP
 B = Vault XP
 C = Vault XP percentage of total XP
 D = Non-vault monster count
 E = Vault monster count
 F = Vault count percentage of total count
                 A         B        C        D         E       F
            +---------+---------+-------+---------+---------+-------
      Total |    2460 |     436 |  15.1 |     127 |      52 |  29.1
            +---------+---------+-------+---------+---------+-------
        D:1 |      29 |       0 |   0.0 |      17 |       0 |   0.0
        D:2 |      40 |      43 |  51.8 |      18 |      15 |  45.5
        D:3 |     107 |      65 |  37.8 |      20 |       6 |  23.1
        D:4 |     681 |       0 |   0.0 |      27 |       0 |   0.0
        D:5 |     295 |     202 |  40.6 |      18 |      10 |  35.7
        D:6 |     804 |     126 |  13.5 |      15 |      21 |  58.3
        D:7 |     475 |       0 |   0.0 |      10 |       0 |   0.0
     Temple |      29 |       0 |   0.0 |       2 |       0 |   0.0
            +---------+---------+-------+---------+---------+-------
